Map: Pillars of Gold LE

Players

DLCFocesTTV - Winner!

  • Race: Zerg Zerg
  • League: Gold
  • Spawn Location: 1:00

Babuino

  • Race: Terran Terran
  • League: Gold
  • Spawn Location: 7:00

VOD

Have the link to the VOD?

Description

Time

  • Played on: Aug. 8, 2020, 9:54 p.m.
  • Length: 16:29
Show
View Real Time Build Order
Export as new Build Order

DLCFocesTTV Zerg - Winner!

Build Orders: Hatch First, Muta Ling Bane 

Get SALT Encoding   

  12  0:05  Drone  
  13  0:12  Overlord  
  13  0:18  Drone  
  14  0:34  Drone  
  16  0:35  Drone  
  16  0:44  Drone  
  17  0:59  Drone  
  17  1:00  Hatchery  
  17  1:02  Drone  
  18  1:21  Extractor  
  17  1:25  Spawning Pool  
  16  1:32  Overlord  
  16  1:39  Drone x2  
  18  1:44  Drone  
  19  2:04  Drone  
  19  2:06  Drone  
  21  2:16  Drone, Extractor  
  21  2:19  Drone  
  22  2:23  Queen x2  
  22  2:25  Zergling x2  
  22  2:27  Zergling x2  
  27  2:56  Metabolic Boost  
  27  2:58  Zergling x4  
  29  3:12  Drone  
  30  3:14  Zergling x2  
  30  3:15  Zergling x2  
  30  3:18  Drone  
  30  3:19  Drone  
  34  3:25  Drone  
  34  3:26  Drone  
  36  3:28  Baneling Nest  
  35  3:41  Overlord  
  35  3:45  Hatchery, Queen  
  36  3:49  Overlord  
  36  4:02  Lair  
  36  4:06  Drone x5  
  41  4:30  Zergling x4  
  41  4:31  Zergling x10  
  48  4:50  Queen  
  50  4:59  Drone  
  51  5:02  Centrifical Hooks  
  51  5:08  Drone x2  
  51  5:10  Drone x2  
  51  5:11  Drone x3  
  58  5:42  Zergling x2, Spire  
  58  5:44  Overlord x2  
  58  5:45  Overlord x2  
  58  6:00  Extractor  
  58  6:01  Drone  
  58  6:03  Overlord  
  58  6:05  Drone, Extractor  
  58  6:06  Drone x6  
  58  6:11  Drone x2  
  65  6:16  Hatchery  
  65  6:17  Queen  
  67  6:20  Baneling x6  
  67  6:21  Baneling x8  
  67  6:42  Zergling x2  
  67  6:43  Zergling x20  
  78  6:51  Overlord  
  78  6:55  Overlord x2  
  78  7:05  Drone  
  78  7:06  Drone x5  
  84  7:29  Queen  
  86  7:32  Hatchery  
  85  7:54  Zergling x2  
  85  7:55  Zergling x34  
  103  8:07  Extractor  
  103  8:11  Extractor  
  101  8:35  Mutalisk  
  101  8:36  Mutalisk x8  
  101  8:40  Overlord x11  
  119  9:15  Zergling x6  
  119  9:16  Zergling x36  
  140  9:29  Baneling  
  140  9:30  Baneling x19  
  140  9:43  Drone x2  
  140  9:44  Drone  
  140  9:45  Drone  
  144  9:50  Baneling x8  
  144  9:51  Baneling x8  
  105  10:23  Zergling x2  
  105  10:24  Zergling x30  
  105  10:25  Zergling x6  
  91  10:39  Zergling x14  
  91  10:40  Zergling x2  
  91  10:41  Roach Warren  
  98  10:43  Drone  
  99  11:12  Zerg Flyer Weapons Level 1  
  99  11:15  Evolution Chamber  
  99  11:17  Zergling x2, Evolution Chamber  
  99  11:18  Zergling x26  
  83  11:34  Zergling x12  
  87  11:40  Drone  
  88  12:00  Zerg Missile Weapons Level 1  
  88  12:03  Zerg Ground Armor Level 1  
  88  12:05  Roach  
  88  12:06  Roach x12  
  114  12:12  Drone  
  114  12:15  Drone  
  116  12:16  Drone x2  
  118  13:04  Hydralisk Den, Glial Reconstitution  
  117  13:06  Roach  
  117  13:07  Roach x23  
  117  13:08  Roach  
  167  13:30  Baneling x11  
  167  13:31  Baneling x21  
  167  13:32  Baneling  
  167  13:45  Hatchery  
  166  14:05  Muscular Augments  
  166  14:06  Hydralisk x3  
  166  14:07  Hydralisk x4  
  150  14:24  Roach  
  150  14:25  Roach x7  
  145  14:47  Zergling x2  
  145  14:48  Zergling x28  
  160  14:57  Hydralisk  
  160  14:58  Hydralisk x2  
  166  15:18  Zergling x4  
  166  15:19  Zergling x24  
  178  15:25  Drone  
  178  15:26  Drone x3  
  154  15:57  Hydralisk x2  
  154  15:58  Hydralisk x8  
  174  16:04  Drone  
  174  16:05  Drone x2  
Show
View Real Time Build Order
Export as new Build Order

Babuino Terran 

Build Orders: 2 Factory, Mech 

Get SALT Encoding   

  12  0:00  SCV  
  13  0:13  SCV  
  14  0:19  Supply Depot  
  14  0:25  SCV  
  15  0:40  SCV  
  16  0:42  Barracks  
  16  0:49  Refinery  
  16  0:52  SCV  
  17  1:05  SCV  
  17  1:09  Refinery  
  18  1:17  SCV  
  18  1:30  Orbital Command  
  18  1:31  Supply Depot  
  18  1:38  Reaper  
  19  1:52  Refinery  
  19  1:57  SCV  
  20  2:09  SCV  
  21  2:16  Factory  
  21  2:22  Command Center  
  21  2:23  SCV  
  22  2:34  Barracks Reactor  
  22  2:35  SCV  
  22  3:06  SCV  
  22  3:10  Engineering Bay  
  23  3:19  Hellion x2  
  27  3:21  Factory  
  27  3:24  Supply Depot  
  27  3:25  SCV  
  27  3:26  Supply Depot  
  28  3:33  Barracks Tech Lab  
  28  3:37  SCV  
  28  3:40  Starport  
  29  3:46  Orbital Command  
  29  3:49  SCV  
  30  4:00  Sensor Tower  
  30  4:01  Hellion  
  32  4:05  Hellion  
  34  4:13  Orbital Command  
  34  4:20  Starport Reactor  
  34  4:23  Supply Depot  
  34  4:29  Supply Depot  
  34  4:31  Supply Depot  
  34  4:40  SCV x2  
  34  4:41  Supply Depot  
  34  4:43  Supply Depot  
  36  4:49  Widow Mine x2  
  41  4:52  SCV  
  41  4:58  SCV  
  42  5:04  SCV  
  43  5:08  Liberator  
  43  5:10  Widow Mine  
  43  5:11  Widow Mine  
  50  5:30  Siege Tank  
  50  5:32  Widow Mine x2  
  57  5:50  SCV x2  
  57  5:51  Armory  
  57  5:53  Refinery  
  57  5:54  Refinery  
  57  5:56  Supply Depot  
  59  6:02  SCV x2  
  61  6:13  Siege Tank  
  61  6:14  SCV  
  61  6:16  Widow Mine  
  67  6:24  SCV  
  68  6:26  SCV  
  68  6:30  Supply Depot  
  68  6:31  Medivac  
  68  6:32  Supply Depot  
  71  6:36  SCV  
  71  6:38  SCV, Medivac  
  75  7:02  Widow Mine x2  
  75  7:03  Siege Tank  
  75  7:08  Viking x2  
  86  7:26  Command Center  
  86  7:37  Terran Vehicle And Ship Armor Level 1  
  86  7:39  Widow Mine x2  
  90  7:44  Drilling Claws  
  90  7:50  Siege Tank  
  93  7:54  Viking  
  93  7:55  Viking  
  97  8:02  SCV  
  97  8:03  SCV  
  99  8:14  SCV  
  100  8:20  SCV  
  100  8:22  Widow Mine x2  
  100  8:26  SCV  
  106  8:29  Viking x2  
  110  8:37  Thor  
  116  8:42  Factory  
  118  8:56  Hellbat x2  
  120  9:15  Infernal Pre-Igniter  
  120  9:16  Orbital Command  
  120  9:18  SCV  
  120  9:19  SCV  
  122  9:30  SCV, Siege Tank  
  122  9:31  SCV, Factory Tech Lab  
  127  9:35  Terran Vehicle And Ship Armor Level 2  
  127  9:36  Armory  
  127  9:46  Hellbat x2  
  127  9:52  Thor  
  137  10:07  Widow Mine x2  
  114  10:34  Orbital Command  
  106  10:45  Siege Tank  
  109  10:55  Supply Depot x2  
  109  10:57  Supply Depot  
  109  10:58  Supply Depot  
  109  11:17  SCV x3, Widow Mine x2, Siege Tank  
  106  11:29  SCV  
  107  11:38  Widow Mine x2  
  111  11:41  SCV x3  
  114  11:53  SCV x2  
  114  11:54  SCV  
  117  11:56  Viking x2  
  117  11:57  Siege Tank  
  117  11:58  Thor  
  117  12:01  Hellbat x2  
  134  12:05  SCV  
  134  12:06  SCV x2  
  137  12:12  Refinery  
  137  12:22  Hellbat x2  
  141  12:56  Supply Depot  
  141  13:01  Supply Depot  
  141  13:02  Terran Vehicle Weapons Level 1, Supply Depot  
  141  13:03  Terran Ship Weapons Level 1  
  141  13:04  Supply Depot  
  141  13:18  Hellbat x2  
  145  13:32  Refinery  
  145  13:39  Hellbat x2, Command Center, Thor, Siege Tank  
  158  13:42  Liberator x2  
  106  14:50  Liberator x2  
  112  14:53  Command Center  
  112  15:31  Widow Mine x2  
  112  15:33  Siege Tank  
  112  15:34  Thor  
  107  15:53  Widow Mine x2  
Tags
 
Add a new tag
Caveats
  • Supply blocks, unpowered buildings, or Contaminate may cause inaccurate times.
  • Supply counts are checked every 10 seconds.